Map: Ascension to Aiur LE

Players

VampyWorm - Winner!

  • Race: Protoss Protoss
  • League: Master
  • Spawn Location: 11:00

Hypno

  • Race: Zerg Zerg
  • League: Diamond
  • Spawn Location: 5:00

VOD

https://go.twitch.tv/videos/186074637

Description

Time

  • Played on: Oct. 28, 2017, 4:39 p.m.
  • Length: 16:08
Show
View Real Time Build Order
Export as new Build Order

VampyWorm Protoss - Winner!

Build Orders: Zealot Archon, Dark Templar Rush 

Get SALT Encoding   

  12  0:01  Probe (Chrono Boost)  
  13  0:11  Probe (Chrono Boost)  
  14  0:19  Pylon  
  14  0:22  Probe (Chrono Boost)  
  15  0:37  Gateway, Probe (Chrono Boost)  
  16  0:43  Assimilator  
  16  0:48  Probe (Chrono Boost)  
  17  0:58  Probe (Chrono Boost)  
  17  1:02  Gateway  
  18  1:07  Assimilator  
  18  1:12  Probe (Chrono Boost)  
  19  1:25  Cybernetics Core  
  19  1:31  Zealot (Chrono Boost)  
  20  1:38  Pylon  
  20  1:42  Probe  
  20  2:02  Mothership Core (Chrono Boost)  
  20  2:03  Adept (Chrono Boost)  
  20  2:08  Adept  
  26  2:21  Probe (Chrono Boost)  
  27  2:31  Probe (Chrono Boost)  
  28  2:42  Probe (Chrono Boost)  
  29  2:46  Twilight Council  
  28  2:51  Pylon  
  28  2:52  Probe (Chrono Boost)  
  29  3:03  Probe (Chrono Boost)  
  30  3:13  Probe (Chrono Boost)  
  31  3:22  Warp Gate (Chrono Boost)  
  31  3:27  Stalker x2  
  35  3:37  Dark Shrine  
  35  3:40  Pylon  
  31  3:49  Probe  
  32  3:58  Gateway  
  32  4:14  Nexus  
  32  4:20  Probe  
  33  4:28  Pylon  
  32  4:32  Probe  
  32  4:44  Probe  
  33  4:51  Gateway  
  33  4:53  Gateway  
  33  4:56  Probe  
  34  5:06  Pylon  
  34  5:08  Probe  
  34  5:20  Probe  
  35  5:26  Adept x2, Probe  
  40  5:32  Probe  
  41  5:37  Probe  
  42  5:44  Probe  
  42  5:48  Pylon, Probe  
  44  5:56  Probe  
  45  6:03  Dark Templar x2  
  50  6:06  Dark Templar  
  50  6:09  Dark Templar  
  53  6:11  Charge  
  53  6:14  Probe (Chrono Boost)  
  53  6:15  Probe (Chrono Boost)  
  55  6:26  Probe (Chrono Boost)  
  55  6:28  Probe (Chrono Boost)  
  57  6:37  Probe (Chrono Boost)  
  59  6:40  Probe (Chrono Boost)  
  59  6:54  Dark Templar x2  
  61  6:55  Stalker x2  
  61  6:56  Sentry  
  61  6:59  Probe (Chrono Boost)  
  61  7:01  Probe (Chrono Boost)  
  69  7:02  Robotics Facility  
  63  7:08  Archon  
  63  7:10  Probe (Chrono Boost)  
  63  7:13  Probe (Chrono Boost)  
  65  7:18  Stalker  
  65  7:19  Stalker  
  65  7:20  Zealot, Probe (Chrono Boost)  
  72  7:30  Sentry  
  72  7:31  Zealot  
  77  7:39  Assimilator  
  77  7:40  Assimilator  
  77  7:41  Pylon  
  76  7:52  Nexus  
  76  7:55  Probe (Chrono Boost)  
  76  7:57  Probe (Chrono Boost)  
  79  8:05  Probe (Chrono Boost)  
  79  8:07  Adept  
  79  8:09  Probe (Chrono Boost)  
  79  8:10  Zealot x2  
  86  8:16  Pylon  
  86  8:18  Pylon  
  86  8:44  Nexus  
  86  8:46  Pylon  
  86  8:48  Pylon  
  86  8:50  Probe (Chrono Boost)  
  86  8:54  Probe (Chrono Boost)  
  84  8:56  Dark Templar  
  86  9:04  Immortal  
  86  9:05  Pylon, Probe (Chrono Boost)  
  86  9:06  Dark Templar, Probe (Chrono Boost)  
  86  9:07  Dark Templar x2  
  86  9:09  Zealot  
  100  9:12  Archon  
  100  9:13  Archon  
  100  9:19  Probe (Chrono Boost)  
  100  9:21  Probe (Chrono Boost)  
  102  9:30  Probe (Chrono Boost)  
  103  9:33  Forge  
  103  9:38  Dark Templar x2  
  103  9:39  Dark Templar  
  103  9:42  Probe (Chrono Boost)  
  110  9:46  Pylon  
  110  9:48  Pylon  
  110  9:56  Immortal, Probe (Chrono Boost)  
  110  9:57  Probe (Chrono Boost)  
  110  9:58  Probe (Chrono Boost)  
  117  10:06  Probe (Chrono Boost)  
  118  10:08  Probe (Chrono Boost)  
  118  10:09  Probe (Chrono Boost)  
  114  10:17  Probe (Chrono Boost)  
  106  10:24  Stalker x3  
  106  10:25  Stalker x2  
  116  10:30  Probe (Chrono Boost)  
  116  10:32  Pylon  
  116  10:34  Pylon  
  116  10:42  Immortal  
  114  10:44  Nexus  
  114  10:50  Protoss Ground Weapons Level 1, Probe (Chrono Boost)  
  114  10:54  Probe (Chrono Boost)  
  114  10:55  Zealot  
  118  11:01  Probe (Chrono Boost)  
  119  11:06  Probe (Chrono Boost)  
  120  11:14  Dark Templar  
  120  11:15  Dark Templar  
  120  11:18  Probe (Chrono Boost)  
  125  11:20  Probe (Chrono Boost)  
  114  11:40  Probe (Chrono Boost)  
  109  11:52  Dark Templar x2  
  109  11:53  Zealot x3  
  109  11:57  Probe x2 (Chrono Boost)  
  109  11:59  Archon, Probe (Chrono Boost)  
  112  12:07  Probe x2 (Chrono Boost)  
  114  12:14  Immortal  
  118  12:17  Dark Templar x2, Zealot  
  118  12:21  Archon  
  124  12:26  Assimilator  
  124  12:28  Assimilator  
  124  12:29  Archon  
  124  12:46  Photon Cannon  
  124  12:47  Photon Cannon  
  124  12:51  Photon Cannon  
  119  13:00  Probe x2 (Chrono Boost)  
  121  13:09  Adept  
  121  13:11  Probe (Chrono Boost)  
  121  13:12  Probe (Chrono Boost)  
  125  13:23  Pylon  
  125  13:25  Pylon  
  123  13:29  Probe (Chrono Boost)  
  125  13:41  Probe (Chrono Boost)  
  125  13:45  Dark Templar x2  
  125  13:46  Dark Templar x2  
  125  13:48  Zealot  
  135  13:49  Archon  
  135  13:50  Archon  
  135  13:54  Nexus  
  134  14:10  Pylon  
  134  14:12  Pylon  
  133  14:19  Dark Templar x3  
  139  14:28  Dark Templar  
  139  14:29  Dark Templar  
  143  14:57  Probe (Chrono Boost)  
  143  14:58  Probe x2 (Chrono Boost)  
  126  15:09  Probe (Chrono Boost)  
  107  15:17  Dark Templar x2  
  107  15:18  Dark Templar x2, Zealot  
  105  15:25  Archon x2  
  95  15:37  Archon  
  95  15:40  Pylon  
  95  15:42  Pylon  
  99  15:43  Pylon  
  99  15:58  Dark Templar x3  
  99  15:59  Zealot x2  
Show
View Real Time Build Order
Export as new Build Order

Hypno Zerg 

Build Orders: Pool First 

Get SALT Encoding   

  12  0:17  Spawning Pool  
  11  0:22  Drone  
  11  0:27  Drone  
  13  0:31  Drone  
  14  0:40  Overlord  
  14  0:48  Extractor  
  13  1:04  Zergling x2  
  13  1:05  Zergling x2  
  13  1:07  Zergling x2  
  13  1:08  Queen  
  18  1:16  Zergling x2  
  19  1:46  Hatchery  
  18  1:52  Zergling x2  
  19  2:01  Metabolic Boost  
  19  2:06  Zergling x2  
  20  2:15  Overlord  
  20  2:28  Drone  
  20  2:29  Drone  
  22  2:35  Drone x2  
  24  2:37  Drone  
  25  2:52  Drone  
  25  3:03  Zergling x10  
  30  3:11  Zergling x2  
  31  3:16  Queen  
  33  3:26  Drone  
  33  3:27  Drone x2  
  35  3:37  Drone  
  35  3:38  Drone  
  35  3:45  Spore Crawler  
  35  3:46  Spore Crawler  
  33  3:57  Overlord  
  33  4:06  Roach Warren  
  33  4:09  Overlord  
  32  4:17  Lair  
  32  4:21  Drone  
  33  4:34  Drone x4  
  36  4:52  Drone x2  
  38  4:53  Drone x4  
  38  4:59  Overlord  
  42  5:01  Overlord  
  42  5:15  Roach  
  42  5:19  Roach  
  42  5:20  Roach x3  
  51  5:25  Overseer  
  45  5:45  Roach  
  45  5:46  Roach x3  
  53  5:56  Hatchery  
  53  5:57  Glial Reconstitution  
  52  6:05  Roach x2  
  52  6:09  Overlord  
  52  6:10  Overlord  
  56  6:14  Zergling x8  
  61  6:29  Zergling x2  
  61  6:30  Zergling x8  
  65  6:44  Zergling x2  
  65  6:45  Zergling x10  
  67  6:58  Zergling x6  
  70  7:01  Zergling x2  
  70  7:05  Hatchery  
  69  7:19  Extractor x2, Drone x4  
  72  7:22  Ravager  
  72  7:23  Ravager  
  72  7:29  Overlord x3  
  73  7:37  Overlord x3  
  73  7:48  Hydralisk Den  
  72  7:56  Roach  
  72  7:57  Roach, Zergling x2  
  72  7:58  Zergling x10  
  82  8:05  Drone  
  67  8:29  Roach x3  
  67  8:30  Roach  
  67  8:32  Zergling x4  
  67  8:33  Zergling x6  
  76  8:38  Drone x3  
  76  8:39  Drone x2  
  80  8:54  Zergling x4  
  80  8:55  Zergling x2  
  83  9:01  Extractor  
  83  9:02  Drone x3  
  85  9:03  Queen  
  86  9:22  Roach  
  86  9:23  Roach x8  
  103  9:31  Zergling x2  
  104  9:39  Queen  
  104  9:40  Queen  
  108  9:46  Drone x6  
  108  9:47  Drone  
  108  9:49  Drone  
  108  9:52  Ravager x3  
  117  9:53  Ravager  
  120  10:05  Spine Crawler  
  120  10:06  Spine Crawler  
  118  10:08  Spine Crawler  
  99  10:28  Roach  
  99  10:29  Roach x7  
  113  10:38  Overlord  
  113  10:39  Overlord x2  
  108  10:45  Zergling x2  
  108  10:46  Zergling x2  
  108  11:01  Hatchery  
  107  11:05  Zergling x10  
  112  11:16  Hatchery  
  111  11:21  Ravager  
  111  11:22  Ravager x7  
  111  11:23  Zergling x2  
  111  11:24  Zergling x10  
  107  11:43  Zergling x10  
  77  11:57  Hatchery  
  76  12:05  Hatchery  
  76  12:06  Zergling x2  
  76  12:07  Zergling x12  
  82  12:18  Zergling x2  
  82  12:19  Zergling x2  
  84  12:26  Baneling Nest  
  84  12:28  Zergling x2  
  84  12:29  Zergling x10  
  89  12:31  Ravager x3  
  89  12:32  Ravager  
  73  13:18  Zergling x24  
  80  13:32  Drone  
  80  13:33  Drone x6  
  87  13:37  Spore Crawler  
  86  13:41  Spine Crawler, Drone x2  
  86  13:47  Roach  
  86  13:48  Roach x3  
  95  13:54  Roach  
  95  13:55  Roach  
  99  14:08  Roach x6  
  111  14:15  Roach x3  
  117  14:22  Ravager x2  
  117  14:23  Ravager x4  
  122  14:30  Roach  
  122  14:31  Roach  
  125  14:33  Ravager  
  125  14:34  Ravager  
  117  14:48  Roach x3  
  114  15:10  Zergling x14  
  95  15:20  Spore Crawler  
  53  15:36  Overseer  
  53  15:38  Roach x5  
Tags
 
Add a new tag
Caveats
  • Supply blocks, unpowered buildings, or Contaminate may cause inaccurate times.
  • Supply counts are checked every 10 seconds.